AoeStats
← Tweedle Dum

Arabia

507393423Analyzed
2v2 RM · 15d ago on Sep 18, 2026· 30m 12s· 4 players
Game mode
Random Map
Map size
Medium (4 player)
Population
200
Speed
Normal
Resources
Standard
Victory
Conquest
Starting age
Dark Age
Ending age
Imperial Age
RankedLock teamsTeams togetherTeam positionsShared explorationLock speedFull tech treeHidden civsTurbo modeCheats
Victory
Defeat
🇺🇸 Ethiopians · United States
1525
+13
🇺🇸 Huns · United States
1524
+13
🇺🇸 Japanese · United States
1482
-13
🇺🇸 Magyars · United States
1449
-13
sml
6:25 Loom
8:50 Feudal Age
9:39 Double-Bit Axe
15:49 Scale Barding Armor
18:35 Wheelbarrow
17:43 Horse Collar
18:48 Bloodlines
25:42 Castle Age
26:28 Husbandry
26:51 Chain Barding Armor
26:56 Heavy Plow
27:10 Bow Saw
26:30 Light Cavalry
29:18 Gold Mining
Ranzuun
6:03 Loom
9:17 Feudal Age
9:21 Man-at-Arms
11:33 Arson
15:58 Scale Mail Armor
19:00 Wheelbarrow
23:59 Castle Age
23:27 Forging
24:01 Long Swordsman
25:13 Fletching
25:44 Squires
25:41 Double-Bit Axe
26:52 Padded Archer Armor
27:05 Bow Saw
27:34 Chain Mail Armor
27:10 Gambesons
28:26 Horse Collar
29:09 Gold Mining
29:09 Stone Mining
Tweedle Dee
6:48 Loom
9:08 Feudal Age
10:30 Double-Bit Axe
16:05 Horse Collar
16:53 Fletching
17:35 Gold Mining
18:06 Padded Archer Armor
20:56 Wheelbarrow
24:31 Castle Age
24:33 Crossbowman
25:08 Bodkin Arrow
25:49 Bow Saw
26:18 Gold Shaft Mining
25:54 Thumb Ring
27:08 Ballistics
29:05 Stone Mining
29:16 Heavy Plow
30:14 Town Watch
Tweedle Dum
6:15 Loom
8:44 Feudal Age
9:19 Double-Bit Axe
9:36 Horse Collar
18:09 Town Watch
22:55 Castle Age
21:32 Scale Barding Armor
22:34 Bloodlines
23:02 Forging
22:58 Light Cavalry
29:48 Chain Barding Armor
Connection lost

Rejoining the realm…

Still unreachable

The connection could not be restored.

Session expired

The server has moved on; the page needs a fresh start.